 Dungeon Crawl Stone Soup version 0.27.1-4-g1640c2035a (webtiles) character file.

Game seed: 228712746970895270

42 zeram the Grave Robber (level 3, 0/25 HPs)
             Began as a Gnoll Necromancer on Nov 17, 2021.
             Slain by an orc wizard (2 damage)
             ... on level 2 of the Dungeon.
             The game lasted 00:04:28 (2426 turns).

zeram the Grave Robber (Gnoll Necromancer)          Turns: 2426, Time: 00:04:29

Health: 0/25       AC:  2    Str:  7    XL:     3   Next: 54%
Magic:  5/9        EV: 13    Int: 15    God:
Gold:   101        SH:  0    Dex: 12    Spells: 8/12 levels left

rFire    . . .     SeeInvis .   b - +0 spear
rCold    . . .     Faith    .   (no shield)
rNeg     . . .     Spirit   .   a - +0 robe
rPois    .         Reflect  .   (no helmet)
rElec    .         Harm     .   (no cloak)
rCorr    .         Rampage  .   (no gloves)
Will     ++...                  (no boots)
Stlth    ++........             (no amulet)
HPRegen  0.08/turn              c - ring of willpower
MPRegen  0.11/turn              f - ring of willpower

@: about to teleport
A: fangs 1, strong nose, distributed training
a: no special abilities


You were on level 2 of the Dungeon.
You visited 1 branch of the dungeon, and saw 3 of its levels.

You collected 101 gold pieces.

Inventory:

Hand Weapons
 b - a +0 spear (weapon)
Missiles
 g - 41 stones
Armour
 a - a +0 robe (worn)
Jewellery
 c - a ring of willpower (left hand)
 f - a ring of willpower (right hand)
Scrolls
 d - 3 scrolls of identify
 h - a scroll of magic mapping {unknown}


   Skills:
 + Level 0.8 Fighting
 + Level 0.8 Short Blades
 + Level 0.8 Long Blades
 + Level 0.8 Axes
 + Level 0.8 Maces & Flails
 + Level 0.8 Polearms
 + Level 0.8 Staves
 + Level 0.8 Slings
 + Level 0.8 Bows
 + Level 0.8 Crossbows
 + Level 0.8 Throwing
 + Level 0.8 Armour
 + Level 4.5 Dodging
 + Level 4.1 Stealth
 + Level 0.8 Shields
 + Level 0.8 Unarmed Combat
 + Level 5.0 Spellcasting
 + Level 0.5 Conjurations
 + Level 0.5 Hexes
 + Level 0.5 Summonings
 + Level 7.1 Necromancy
 + Level 0.5 Translocations
 + Level 0.5 Transmutations
 + Level 0.5 Fire Magic
 + Level 0.5 Ice Magic
 + Level 0.5 Air Magic
 + Level 0.5 Earth Magic
 + Level 0.5 Poison Magic
 + Level 1.0 Invocations
 + Level 0.8 Evocations


You had 8 spell levels left.
You knew the following spells:

 Your Spells              Type           Power      Damage    Failure   Level
a - Pain                  Necr           100%       1d9       1%          1
b - Vampiric Draining     Necr           12%        2d7       2%          3

Your spell library contained the following spells:

 Spells                   Type           Power      Damage    Failure   Level
 Animate Skeleton         Necr           50%        N/A       1%          1
 Animate Dead             Necr           12%        N/A       9%          4
 Agony                    Necr           25%        N/A       24%         5
 Gell's Gravitas          Tloc           2%         N/A       36%         3
 Teleport Other           Tloc           5%         N/A       36%         3
 Dispersal                Tloc           2%         N/A       100%        6
 Borgnjor's Revivificati  Necr           12%        N/A       100%        8
 Necromutation            Tmut/Necr      7%         N/A       100%        8
 Death's Door             Necr           12%        N/A       100%        9


Dungeon Overview and Level Annotations

Branches:
Dungeon (3/15)

Altars:


Innate Abilities, Weirdness & Mutations

You have very sharp teeth.
Your uncanny sense of smell can sniff out nearby items.
Your experience applies equally to all skills.


Message History

The rat writhes in agony!
You kill the rat!
The orc wizard hits you with a +0 dagger.
Casting: Pain (safe; 1% risk of failure)
Confirm with . or Enter, or press ? or * to list all spells.
Aiming: Pain (safe; 1% risk of failure)
Press: ? - help, Shift-Dir - straight line, f - orc wizard
Aim: an orc wizard, wielding a +0 dagger and wearing a +0 robe (chance to affect: 84%)
The orc wizard writhes in agony.
The orc wizard points at you and mumbles some strange words.
The magic dart hits you!
Casting: Pain (safe; 1% risk of failure)
Confirm with . or Enter, or press ? or * to list all spells.
Aiming: Vampiric Draining (dangerous; 2% risk of failure)
Press: ? - help, Shift-Dir - straight line, f/p - orc wizard
Aim: an orc wizard, wielding a +0 dagger and wearing a +0 robe (lightly wounded)
You draw life force from the orc wizard!
You feel life coursing into your body.
The orc wizard casts a spell.
The orc wizard flickers and vanishes!
Deactivating autopickup; reactivate with Ctrl-A.
You barely miss something. Something hits you.
You barely miss something.
You hear some strange, mumbled words.
A puff of flame appears from out of thin air!
The puff of flame hits you! Something hits you.
* * * LOW HITPOINT WARNING * * *
You climb upwards.
Reactivating autopickup.
There is a stone staircase leading down, spattered with blood here.
Something hits you.
* * * LOW HITPOINT WARNING * * *
Deactivating autopickup; reactivate with Ctrl-A.
You aren't carrying any potions.
As you read the scroll of teleportation, it crumbles to dust.
You feel strangely unstable. Something hits you.
* * * LOW HITPOINT WARNING * * *
Something hits you.
You die...

#...#'####.#.#####'#### #.#.#.#
#.#.#.##...#.# #....#####.#...#
..#.#.##.###.# #........#...###
###.#....# #.# #........###.#..
#.########+#####........# #.#.#
#......##.........[.....###.#.#
#..###.##........>).....'...#.#
#..# #..'........)......#####.#
#[.######.....@..############'#
#................# #..........
###'########+#.....# #..........
.....# #.#.....# #.....<....
.....# #.#.....# #..........
.....# #.......# #..........
.....# #####.##### #..........
.....#####.........# #..........
..............####'####..........


There were no monsters in sight!

Vanquished Creatures
  A dart slug (D:1)
  4 orcs
  3 bats
  3 endoplasms (D:1)
  2 goblins
  5 hobgoblins
  A kobold (D:1)
  2 quokkas
  5 ball pythons
  2 frilled lizards (D:2)
  4 rats
32 creatures vanquished.

Notes
Turn   | Place    | Note
-------+----------+-------------------------------------------
     0 | D:1      | zeram the Gnoll Necromancer began the quest for the Orb.
     0 | D:1      | Reached XP level 1. HP: 13/13 MP: 6/6
   138 | D:1      | Found a faded altar of an unknown god.
   364 | D:1      | Reached XP level 2. HP: 11/19 MP: 7/7
  1160 | D:1      | Identified a scroll of acquirement
  1160 | D:1      | Acquired a Necronomicon
  1528 | D:2      | Reached XP level 3. HP: 25/25 MP: 9/9
  1557 | D:2      | Learned a level 3 spell: Vampiric Draining
  1607 | D:2      | Reached skill level 5 in Spellcasting
  2053 | D:2      | Reached skill level 1 in Invocations
  2426 | D:2      | Slain by an orc wizard

Illustrated notes

Levels and vault maps discovered:
D:1:      amcnicky_arrival_double_pillar, layout_basic,
          hellmonk_ecumenical_altar_crossroads, minmay_3d_cube
D:2:      layout_basic
D:3:      layout_rooms, serial_shops, nicolae_shop_behind_doors, corexii_shack,
          corexii_item_surrounded_by_moat, st_stairs_1

Skill      XL: |  1  2  3 |
---------------+----------+-----
Spellcasting   | 5 |  5.0
Invocations    | 1 |  1.0
Fighting       | |  0.8
Short Blades   | |  0.8
Long Blades    | |  0.8
Axes           | |  0.8
Maces & Flails | |  0.8
Polearms       | |  0.8
Staves         | |  0.8
Slings         | |  0.8
Bows           | |  0.8
Crossbows      | |  0.8
Throwing       | |  0.8
Armour         | |  0.8
Dodging        | |  4.5
Stealth        | |  4.1
Shields        | |  0.8
Unarmed Combat | |  0.8
Conjurations   | |  0.5
Hexes          | |  0.5
Summonings     | |  0.5
Necromancy     | |  7.1
Translocations | |  0.5
Transmutations | |  0.5
Fire Magic     | |  0.5
Ice Magic      | |  0.5
Air Magic      | |  0.5
Earth Magic    | |  0.5
Poison Magic   | |  0.5
Evocations     | |  0.8

Action                   || total
-------------------------++-------
Melee: Spear             ||    59
       Bite              ||     5
 Cast: Pain              ||    45
       Vampiric Draining ||     4
  Use: Scroll            ||     4
 Stab: Sleeping          ||     5
Armor: Robe              ||     3
Dodge: Dodged            ||    39
